Lobo, chaotic male giant Barbarian --- .<. ... |I. |.. I Lobo the Pillager Experience level: 5 Strength: 18 Dexterity: 17 Constitution: 21 Intelligence: 7 Wisdom: 7 Charisma: 7 Health: 0(53) Energy: 7(7) Def: 11 Gold: 424 Moves: 3919 Dungeon seed: 6TwAxDe-xFxK1bfa Game ID: Lobo_1560673696 Your Inventory: Coins $ - 424 gold pieces Amulets z - an uncursed amulet of magical breathing Weapons a - a blessed +0 two-handed sword (weapon in hand) b - an uncursed +0 axe d - 2 uncursed +0 daggers l - 6 uncursed +0 darts D - an uncursed +0 two-handed sword E - an uncursed +0 two-handed sword Armor e - a blessed +0 dented pot (being worn) Comestibles v - an uncursed egg Scrolls h - a blessed scroll of enchant armor p - a cursed scroll of identify B - an uncursed scroll of consecration Potions f - 2 uncursed potions of oil w - 3 uncursed potions of object detection x - an uncursed potion of healing Wands o - an uncursed wand of enlightenment (0:13) Boulders/Statues n - an uncursed boulder r - an uncursed boulder A - an uncursed boulder Y - an uncursed boulder Spells and supernatural/magical abilities: Name Level Category Fail Memory W - pray for help -- divine ? -- Your skills at the end: Miscellaneous Skills bare handed combat [Basic] Weapon Skills axe [Basic] two-handed sword [Basic] sling [Basic] Spellcasting Skills Final Attributes: You were piously aligned. You were poison resistant. You were blinded. You had infravision. You were stealthy. You were lucky. You are dead. Vanquished creatures: a housecat a baby crocodile 3 wood nymphs a gnome lord 2 gnomish wizards a puppy a dwarf 7 monkeys an orc zombie a werejackal a coyote a gas spore 2 hobbits a gecko 2 giant rats 2 yellow molds 11 gnomes 2 manes 4 jackals 2 kobolds a newt 7 grid bugs 4 lichens 59 creatures vanquished. Voluntary challenges: You had followed a strict vegan diet until turn 3133. You had followed a strict vegetarian diet until turn 3133. You did not adorn yourself with jewelry or accessories. You did not cause conflict. You were not invisible. You did not have reflection. You were not displaced. You had been an atheist until turn 2852. You used a wielded weapon 51 times, starting on turn 239. You did not use tools. You did not use plumbed fixtures. You did not drink any magical draughts. You were illiterate. You never genocided any monsters. You never polymorphed an object. You changed form 1 time, starting on turn 3452. You used no wishes. You never split a pudding. You never wrote Elbereth's name. You never violated your personal moral code. Dungeon overview: The Dungeons of Doom: levels 1 to 4 Level 1 a long staircase Level 2 a sink Level 3 some fountains, a sink Level 4 stairs to The Gnomish Mines The Gnomish Mines: levels 5 to 8 Level 5 stairs to The Dungeons of Doom Level 6 Level 7 some shops, a temple to Mitra, a magic chest, some fountains Level 8 <- You were here History has recorded: On T:1 you entered the Dungeons of Doom to retrieve the Amulet of Yendor! On T:1004 you reached level 2 of The Dungeons of Doom. On T:1655 you reached level 3 of The Dungeons of Doom. On T:1888 you advanced to experience level 2. On T:2365 you reached level 4 of The Dungeons of Doom. On T:2664 you reached level 1 of The Gnomish Mines. On T:2675 you reached level 2 of The Gnomish Mines. On T:2681 you advanced to experience level 3. On T:2852 you prayed to Set. On T:2956 you reached level 3 of The Gnomish Mines. On T:3131 you advanced to experience level 4. On T:3186 you entered the Minetown temple On T:3238 you advanced to experience level 5. On T:3452 you prayed to Set. On T:3692 you opened a magic chest. On T:3901 you reached level 4 of The Gnomish Mines. Score breakdown: Gold: 424 ( 42 points) Experience: 5 levels ( 400 points) Exploration: 8 levels ( 210 points) Discoveries: 8 items ( 400 points) Variety of kills: 23 monsters ( 1150 points) Major goal: reached Minetown ( 500 points) Survival: died (score multiplied by 3) Total score: 8106 Latest messages: Something punches you! Something pecks! (2x) Something misses. (3x) You kill it! Something pecks! (2x) Something misses. (2x) Something pecks! (2x) Something misses. You attack thin air. Something misses. Something pecks! You hear a chugging sound. Something just misses! Something misses. You smite something. Something misses. (2x) You faint from lack of food. Something pecks! (2x) Something punches you! Something pecks! (2x) Something punches you! You die... Final status: Goodbye Lobo the Barbarian, killed by a gnome, while fainted from lack of food... You died in The Gnomish Mines on dungeon level 8 with 8106 points, and 424 pieces of gold, after 3919 moves. You were level 5 with a maximum of 53 hit points when you died.